 Dungeon Crawl Stone Soup version 0.30-a0-739-gea05faddec (webtiles) character file.

Game seed: 18358360807105575730

723 M4edhros the Changer (level 7, 0/45 HPs)
             Began as an Octopode Transmuter on Feb 4, 2023.
             Was an Initiate of Ashenzari.
             Slain by an orc
             ... wielding a +0 war axe
              (10 damage)
             ... on level 4 of the Dungeon.
             The game lasted 00:14:32 (2263 turns).

M4edhros the Changer (Octopode Transmuter)          Turns: 2263, Time: 00:14:32

Health: 0/45       AC:  2    Str:  9    XL:     7   Next: 71%
Magic:  18/19      EV: 20    Int: 16    God:    Ashenzari [......]
Gold:   230        SH:  0    Dex: 19    Spells: 6/10 levels left

rFire   . . .      SeeInvis .      - Unarmed
rCold   . . .      Faith    .    (shield currently unavailable)
rNeg    . . .      Spirit   .    (helmet currently unavailable)
rPois   x          Reflect  .    (no amulet)
rElec   .          Harm     .    h - ring "Gaze Upon Infinity" {MP+9, Range, Alch} (curse)
rCorr   .          Rampage  .    (no ring)
Will    .....                    (no ring)
Stlth   ++                       (no ring)
HPRegen 0.27/turn                (no ring)
MPRegen 0.16/turn                (no ring)
                                 (no ring)
                                 (no ring)

@: about to teleport, spider-form
A: venomous fangs, almost no armour, (amphibious), 8 rings, tiny, (camouflage
1), (gelatinous body 1), (nimble swimmer 1), (tentacles)
a: End Transformation, Renounce Religion, Shatter the Chains


You were on level 4 of the Dungeon.
You worshipped Ashenzari.
Ashenzari was noncommittal.
You were a venomous arachnid creature.
You visited 1 branch of the dungeon, and saw 4 of its levels.
You also visited: Ossuary.

You collected 230 gold pieces.

Inventory:

Missiles
 f - a throwing net
 g - 8 silver javelins
Magical Staves
 e - a staff of poison
Jewellery
 h - the cursed ring "Gaze Upon Infinity" (left front pincers) {MP+9, Range, Alch}
   (You found it on level 2 of the Dungeon)

   [ring of magical power]

   MP:        It affects your magic capacity (+9).
   It has a curse which improves the following skills: Ranged Combat: Ranged
   Weapons and Throwing.
   Alchemy:   Poison Magic and Transmutations.
Scrolls
 b - 3 scrolls of poison
 d - 4 scrolls of teleportation
 i - a scroll of amnesia {unknown}
 j - 3 scrolls of silence {unknown}
 l - 3 scrolls of magic mapping
 m - a scroll of enchant armour
 n - a scroll of butterflies {unknown}
 p - a scroll of blinking {unknown}
 q - a scroll of torment
Potions
 a - a potion of might
 c - 2 potions of brilliance {unknown}
 k - 2 potions of mutation {unknown}
 o - a potion of magic
 r - a potion of degeneration {unknown}


   Skills:
 + Level 2.5 Fighting
 + Level 3.0 Dodging
 + Level 5.4 Unarmed Combat
 - Level 2.0 Spellcasting
 - Level 5.7(6.2) Transmutations
 - Level 2.3(2.7) Poison Magic


You had 6 spell levels left.
You knew the following spells:

 Your Spells              Type           Power      Damage    Failure   Level
a - Beastly Appendage     Tmut           42%        N/A       7%          1
b - Spider Form           Tmut/Pois      15%        N/A       24%         3

Your spell library contained the following spells:

 Spells                   Type           Power      Damage    Failure   Level
 Wereblood                Tmut           21%        N/A       10%         2
 Ice Form                 Ice/Tmut       11%        N/A       71%         4
 Hailstorm                Conj/Ice       1%         3d3       73%         3
 Anguish                  Hex/Necr       0%         N/A       97%         4
 Simulacrum               Ice/Necr       0%         N/A       100%        6
 Enfeeble                 Hex            0%         N/A       100%        7


Dungeon Overview and Level Annotations

Branches:
Dungeon (4/15)             Temple (0/1) D:4         Ossuary (visited)

Altars:
Ashenzari
Fedhas

Annotations:
D:3 3 runed translucent doors, Gynju's ghost, amateur DrTm


Innate Abilities, Weirdness & Mutations

You are a venomous arachnid creature.
You have venomous fangs.
You are tiny and dextrous.
Your spellcasting is less reliable in this form.
Your armour is entirely melded.
You are incapable of wielding weapons or throwing items.
You cannot wear most types of armour.
((You are amphibious.))
You can wear up to eight rings at the same time.
((Your skin changes colour to match your surroundings (Stealth+).))
((Your rubbery body absorbs attacks. (AC +1, EV +1)))
((You are camouflaged when in or above water. (Stealth+)))
((You have tentacles for arms and can constrict up to eight enemies at once.))


Message History

You barely miss the gnoll. The gnoll completely misses you.
The orc wizard mumbles some strange words.
The orc wizard flickers and vanishes!
Deactivating autopickup; reactivate with Ctrl-A.
You barely miss the gnoll. The gnoll completely misses you.
You hit the gnoll but do no damage. The gnoll misses you.
You hit the gnoll but do no damage.
The gnoll is poisoned.
The gnoll hits you with a +0 spear.
You bite the gnoll!
The gnoll is heavily wounded.
The orc hits you from afar with a +0 trident.
You barely miss the gnoll.
The gnoll is heavily wounded.
The gnoll hits you with a +0 spear. The orc misses you.
An orc comes into view. It is wielding a +0 war axe.
You hit the gnoll.
You kill the gnoll!
The orc misses you. The orc misses you.
You hit the orc.
The orc is poisoned.
The orc is heavily wounded.
Something hits you. The orc misses you.
You miss something. Something hits you. The orc hits you with a +0 trident.
You closely miss something. Something hits you.
The orc hits you but does no damage.
You hit something but do no damage. The orc barely misses you.
Something hits you.
* * * LOW HITPOINT WARNING * * *
Okay, then.
The orc attacks as you move away! The orc closely misses you.
Something hits you.
* * * LOW HITPOINT WARNING * * *
The orc completely misses you.
You aren't carrying any items that you can evoke.
Okay, then.
As you read the scroll of teleportation, it crumbles to dust.
You feel strangely unstable.
You kill the orc!
Something barely misses you. The orc hits you with a +0 war axe!
You die...

.............# ##
............## ..
.##.#...........# .
....##........... .
##...###..........
##.##.................
#..#.).# ###....(.....
#..o{##5?$##.........
##..s#55∩..#.........
###)##.$.##.........
..#....#####..........
.................<.....
###....###g..........##
#.###.# #.......†....#
... #.# #.#..........#
..# ......##.........#
.# .................#


You could see 3 quasits and an orc.

Vanquished Creatures
  A phantom (D:4)
  3 water moccasin zombies (Ossuary)
  A wight (Ossuary)
  2 bullfrog zombies (Ossuary)
  2 centaur zombies (Ossuary)
  A gnoll bouda (D:4)
  A hound (D:4)
  2 scorpion zombies (Ossuary)
  5 gnolls (D:4)
  4 adders
  4 adder zombies (Ossuary)
  4 worms
  3 dart slugs
  7 orcs (D:4)
  2 bats
  5 endoplasms
  A giant cockroach (D:2)
  2 gnoll zombies (Ossuary)
  5 goblins
  8 hobgoblins
  4 quokkas
  3 ball pythons
  6 frilled lizards
  4 goblin zombies (Ossuary)
  A hobgoblin zombie (Ossuary)
  6 kobolds
  2 orc zombies (Ossuary)
  2 rats
91 creatures vanquished.

Vanquished Creatures (others)
  4 plants (D:4)
4 creatures vanquished.

Grand Total: 95 creatures vanquished

Notes
Turn   | Place    | Note
-------+----------+-------------------------------------------
     0 | D:1      | M4edhros the Octopode Transmuter began the quest for the
                  | Orb.
     0 | D:1      | Reached XP level 1. HP: 13/13 MP: 3/3
    12 | D:1      | Found a faded altar of an unknown god.
   138 | D:1      | Reached XP level 2. HP: 11/18 MP: 5/5
   252 | D:1      | Prayed at the altar of an unknown god.
   252 | D:1      | Became a worshipper of Ashenzari the Shackled
   506 | D:3      | Reached XP level 3. HP: 23/23 MP: 4/6
   510 | D:3      | Learned a level 3 spell: Spider Form
   622 | D:4      | Found a sand-covered staircase.
   626 | Ossuary  | Entered an ossuary
   686 | Ossuary  | Reached XP level 4. HP: 12/28 MP: 2/7
   902 | Ossuary  | Reached XP level 5. HP: 8/33 MP: 8/8
  1038 | Ossuary  | Reached skill level 5 in Transmutations
  1038 | Ossuary  | Reached XP level 6. HP: 33/38 MP: 9/9
  1334 | Ossuary  | Reached skill level 5 in Unarmed Combat
  1334 | Ossuary  | Reached skill level 1 in Poison Magic
  1334 | Ossuary  | Reached XP level 7. HP: 17/43 MP: 10/10
  1337 | Ossuary  | Noticed a silent spectre
  1529 | D:4      | Found a blossoming altar of Fedhas.
  1653 | D:4      | Found a staircase to the Ecumenical Temple.
  1687 | D:3      | Found a runed translucent gate.
  1688 | D:3      | Found a runed translucent gate.
  1688 | D:3      | Found a runed translucent gate.
  1689 | D:3      | Noticed Gynju's ghost (amateur DrTm)
  2191 | D:2      | You fall into a shaft and drop 2 floors!
  2263 | D:4      | Slain by an orc

Illustrated notes

Levels and vault maps discovered:
D:1:      dpeg_arrival_tiny_h, layout_loops_ring, ebering_ecumenical_altar_box,
          amethyst_killhole
D:2:      layout_loops_corners, minmay_joined_circles
D:3:      layout_basic, ebering_ghost_rock_garden
D:4:      cheibrodos_quashed, layout_cave_pools, fedhas_altar_4,
          nicolae_yredelemnul_corpse_copse, minmay_temple_entry_overgrown,
          serial_shops, shop, enter_ossuary_5

Skill      XL: |  1  2  3  4  5  6  7 |
---------------+----------------------+-----
Transmutations | 3 4 5 |  5.7
Unarmed Combat | 4 5 |  5.4
Poison Magic   | 1 2 |  2.3
Fighting       | 2 |  2.5
Dodging        | 3 |  3.0
Spellcasting   | |  2.0

Action                     |  1- 3 |  4- 6 |  7- 9 || total
---------------------------+-------+-------+-------++-------
  Melee: Unarmed           |    69 |    90 |   123 ||   282
         Tentacles         |    14 |    15 |    14 ||    43
         Constrict         |    12 |    10 |    17 ||    39
         Punch             |     2 |     3 |     5 ||    10
         Staff             |     8 |       |       ||     8
         Kick              |     6 |       |       ||     6
   Cast: Beastly Appendage |     4 |       |       ||     4
         Spider Form       |     4 |     2 |    11 ||    17
 Invoke: Curse Item        |       |       |     1 ||     1
    Use: Potion            |       |     6 |     7 ||    13
         Scroll            |       |       |     8 ||     8
   Stab: Sleeping          |     5 |       |       ||     5
         Distracted        |     1 |       |       ||     1
         Invisible         |       |       |     5 ||     5
 Armour: Skin              |     5 |    23 |     7 ||    35
  Dodge: Dodged            |    37 |    68 |   108 ||   213

Table legend: (Time is in decaauts)
 A = Elapsed time spent in this place.
 B = Non-inter-level travel time spent in this place.
 C = Inter-level travel time spent in this place.
 D = Time resting spent in this place.
 E = Time spent auto-exploring this place.
 F = Levels seen in this place.
 G = Mean time per level.
                   A        B        C        D        E       F      G
               +--------+--------+--------+--------+--------+-----+--------+
         Total |   2199 |   2175 |     24 |    458 |    104 |   5 |  439.8 |
       Dungeon |   1472 |   1448 |     24 |     50 |    104 |   4 |  368.0 |
       Ossuary |    726 |    726 |      0 |    408 |      0 |   1 |  726.0 |
               +--------+--------+--------+--------+--------+-----+--------+

Top non-repeatable levels by time:
 Ossuary: 726 daAuts
     D:1: 430 daAuts
     D:4: 363 daAuts
     D:2: 363 daAuts
     D:3: 314 daAuts
